 Dungeon Crawl Stone Soup version 0.28-a0-1339-ga5422284a4 (webtiles) character file.

Game seed: 10517128113112646494

232117 bluesam3 the Slayer (level 18, -1/192 HPs)
             Began as a Minotaur Berserker on Dec 27, 2021.
             Was the Champion of Trog.
             Slain by an earth elemental (3 damage)
             ... summoned by a deep elf elementalist
             ... on level 3 of the Elven Halls on Dec 28, 2021.
             The game lasted 02:31:01 (47079 turns).

bluesam3 the Slayer (Minotaur Berserker)           Turns: 47079, Time: 02:31:01

Health: -1/192     AC: 37    Str: 30    XL:     18   Next: 81%
Magic:  17/17      EV: 10    Int:  4    God:    Trog [******]
Gold:   2037       SH: 14    Dex: 12    Spells: 17/17 levels left

rFire   + . .      SeeInvis .   a - +7 demon whip
rCold   . . .      Faith    +   V - +0 kite shield
rNeg    . . .      Spirit   .   Q - +5 plate armour
rPois   .          Reflect  .   (helmet unavailable)
rElec   .          Harm     .   N - +0 cloak {rCorr}
rCorr   +          Rampage  .   J - +2 pair of gloves
Will    ++...      NoCast   +   O - +2 pair of boots {Fly}
Stlth   ..........              m - amulet "Oqudgh" {Faith -Cast +Blink rF+ Str+4}
HPRegen 0.42/turn               y - +4 ring of slaying
MPRegen 0.15/turn               L - +4 ring of protection

@: about to teleport, on berserk cooldown, flying, hasted and slowed, studying
Maces & Flails
A: horns 3, retaliatory headbutt, deterioration 1, strong-willed 1, weak 1,
MP-powered wands
}: 1/15 runes: barnacled
a: Renounce Religion, Evoke Blink, Berserk, Trog's Hand, Brothers in Arms


You were on level 3 of the Elven Halls.
You worshipped Trog.
Trog was exalted by your worship.
You visited 6 branches of the dungeon, and saw 31 of its levels.
You visited the Abyss 1 time.
You also visited: Ossuary.

You collected 4036 gold pieces.
You spent 1999 gold pieces at shops.

Inventory:

Hand Weapons
 a - a +7 demon whip (weapon)
 b - a +0 hunting sling
 w - the +10 morningstar of the Skies Above {vorpal, *Rage Fly rF- rN+++}
   (Trog gifted it to you on level 3 of the Elven Halls)

   It inflicts extra damage upon your enemies.
   rF:        It makes you vulnerable to fire.
   rN:        It renders you almost immune to negative energy.
   Fly:       It grants you flight.
   *Rage:     It berserks you when you make melee attacks (+20% chance).
Missiles
 e - 373 sling bullets
Armour
 J - a +2 pair of gloves (worn)
 N - a +0 cloak of preservation (worn)
 O - a +2 pair of boots of flying (worn)
 Q - a +5 plate armour (worn)
 V - a +0 kite shield (worn)
Jewellery
 f - a ring of protection from fire
 h - a ring of positive energy
 i - a ring of positive energy
 m - the amulet "Oqudgh" (around neck) {Faith -Cast +Blink rF+ Str+4}
   (You bought it in a shop on level 2 of the Shoals)

   [amulet of faith]

   It allows you to gain divine favour quickly.
   Str:       It affects your strength (+4).
   rF:        It protects you from fire.
   +Blink:    It lets you blink.
   -Cast:     It prevents spellcasting.
 o - a +4 ring of evasion
 y - a +4 ring of slaying (left hand)
 A - the ring of Internal Strife {rF+ Will+ MP+9}
   (You took it off a deep elf blademaster on level 3 of the Elven Halls)

   [ring of magical power]

   rF:        It protects you from fire.
   MP:        It affects your magic capacity (+9).
   Will:      It increases your willpower.
 B - the ring of Wuituh {rCorr EV+4}
   (You took it off a deep elf zephyrmancer on level 3 of the Elven Halls)

   [ring of evasion]

   EV:        It affects your evasion (+4).
   rCorr:     It protects you from acid and corrosion.
 G - a +6 ring of intelligence
 L - a +4 ring of protection (right hand)
 R - an amulet of the acrobat
 T - a ring of positive energy
 W - a +4 ring of protection
 Z - a ring of see invisible
Wands
 g - a wand of charming (12)
 l - a wand of paralysis (15)
 x - a wand of acid (18)
 H - a wand of digging (22)
 K - a wand of polymorph (10)
 P - a wand of flame (58)
 S - a wand of iceblast (26)
 U - a wand of mindburst (16)
Scrolls
 j - 8 scrolls of immolation
 n - a scroll of vulnerability
 p - 12 scrolls of teleportation
 s - 5 scrolls of fear
 t - 2 scrolls of holy word
 u - 2 scrolls of torment
 F - 2 scrolls of fog
 I - 2 scrolls of summoning
 M - 5 scrolls of identify
 X - 2 scrolls of silence
 Y - 3 scrolls of magic mapping
Potions
 d - 4 potions of invisibility
 k - 3 potions of haste
 q - 5 potions of might
 r - 4 potions of lignification
 v - a potion of curing
 z - 6 potions of attraction
 D - 2 potions of cancellation
 E - 6 potions of ambrosia
Miscellaneous
 c - a phantom mirror
 C - a phial of floods


   Skills:
 * Level 24.5 Fighting
 + Level 19.3 Maces & Flails
 + Level 20.3 Armour
 - Level 2.4 Dodging
 + Level 19.1 Shields


You had 17 spell levels left.
You didn't know any spells.
Your spell library was empty.

Dungeon Overview and Level Annotations

Branches:
Dungeon (15/15)            Temple (1/1) D:4            Lair (6/6) D:8
 Shoals (4/4) Lair:3       Spider (0/4) Lair:4        Slime (0/5) Lair:5
    Orc (2/2) D:11            Elf (3/3) Orc:2        Vaults (0/5) D:13
 Depths (0/4) D:15        Ossuary (visited)

Altars:
Ashenzari
Cheibriados
Dithmenos
Elyvilon
Fedhas
Gozag
Hepliaklqana
Kikubaaqudgha
Makhleb
Nemelex Xobeh
Okawaru
Qazlal
Ru
Sif Muna
Trog
Uskayaw
Vehumet
Wu Jian
Xom
Yredelemnul
Zin
The Shining One
Beogh
Jiyva

Shops:
D:3 [   D:5 :   D:7 [   D:8 =((   Orc:2 =?([!   Elf:2 :(   Shoals:2 =

Annotations:
Shoals:3 2 runed translucent doors, p0werm0de's ghost, adept MiCK


Innate Abilities, Weirdness & Mutations

You have a pair of large horns on your head.
You reflexively headbutt those who attack you in melee.
Your body sometimes deteriorates upon taking damage.
You are strong-willed. (Will+)
You are weak. (Str -2)
You expend magic power (3 MP) to strengthen your wands.


Message History

The deep elf blademaster hits you but does no damage.
The deep elf blademaster hits you with a +0 quick blade.
* * * LOW HITPOINT WARNING * * *
You feel better.
The deep elf elementalist seems less brilliant.
You block the deep elf elementalist's attack.
The deep elf blademaster hits you but does no damage. x2
The cacodemon hits you but does no damage.
You block the cacodemon's attack.
You feel better.
The orange demon disappears in a puff of smoke!
The deep elf elementalist hits you but does no damage.
You block the deep elf blademaster's attack.
The deep elf blademaster hits you but does no damage.
The deep elf demonologist gestures wildly while chanting.
The cacodemon gestures at you.
Strange energies course through your body.
You feel weaker.
The earth elemental hits you but does no damage.
The earth elemental hits you!
* * * LOW HITPOINT WARNING * * *
The deep elf elementalist hits you but does no damage.
The deep elf blademaster hits you but does no damage.
You block the deep elf blademaster's attack.
As you read the scroll of teleportation, it crumbles to dust.
You feel strangely unstable.
The orange demon disappears in a puff of smoke!
The earth elemental disappears in a puff of smoke! x2
The deep elf elementalist hits you but does no damage.
The deep elf high priest utters an invocation to its god.
The deep elf high priest begins emitting a brilliant aura!
The deep elf demonologist is empowered by the deep elf high priest's aura!
The deep elf elementalist is empowered by the deep elf high priest's aura!
The deep elf blademaster hits you with a +0 quick blade!
* * * LOW HITPOINT WARNING * * *
You block the deep elf blademaster's attack.
You block the cacodemon's attack. x2
The deep elf demonologist mumbles some strange words.
The earth elemental hits you.
You die...

.. #...#.## #.# .
#......## #.# #...§...##
#.# #........## #.#
#..#)4e1..# #.#####
#..#).e1§## #'##..#
#..#.3e.4E## ##.....#
##.....E2eE####......#
#.....Ee@E).......).# #
##...#EE.)..........# #
#########)'[.......#####
##[##......)')..)
##.###.......##### ##.##
###'##..# # ##(##
#.##### ## ##.## #:##
##. ##.## #).# ##.#


You could see a deep elf blademaster, an Ice Fiend (summoned), a cacodemon
(summoned), a deep elf master archer, an Executioner (summoned), a deep elf
elementalist (fast, empowered, repels missiles), a deep elf demonologist
(empowered), an orange demon (summoned), a deep elf high priest (brilliance
aura), 7 earth elementals, an ice devil (summoned) and a sixfirhy (summoned).

Vanquished Creatures
  Nikola (Shoals:3)
  A deep elf blademaster (Elf:3)
  A kraken (Shoals:1)
  Polyphemus (Shoals:2)
  4 sphinxes (Shoals:4)
  Ilsuiw (Shoals:2)
  Kirke (D:14)
  Roxanne (Elf:1)
  10 deep elf sorcerers
  Aizul (Elf:1)
  3 deep elf elementalists (Elf:3)
  Louise (Elf:2)
  3 deep elf demonologists
  6 deep elf annihilators
  Snorg (D:13)
  Azrael (Elf:1)
  2 merfolk javelineers
  2 deep elf death magi (Elf:3)
  Josephine (Lair:6)
  3 deep elf high priests
  4 merfolk impalers
  A great orb of eyes (Lair:2)
  A naga warrior (Orc:1)
  A yaktaur captain (D:13)
  The ghost of bmj180 the Destroyer, a journeyman DrCj of Vehumet (D:10)
  The ghost of p0werm0de the Cleaver, a journeyman MiCK of Xom (Orc:1)
  The ghost of Siem the Sage, a journeyman OpCj of Sif Muna (Lair:2)
  8 hydras
  3 centaur warriors
  2 catoblepae
  A merfolk avatar (Shoals:2)
  20 dancing weapons
  2 ogre magi (Orc:2)
  A vampire mage (D:15)
  14 death yaks
  7 two-headed ogres
  5 tengu warriors
  16 satyrs
  A thrashing horror (Elf:1)
  Urug (D:12)
  3 slime creatures
  13 deep elf knights
  An orc high priest (Orc:2)
  Sonja (D:11)
  7 skeletal warriors
  9 sea snakes
  15 deep elf archers
  A glowing orange brain (Abyss:2)
  A necromancer (D:15)
  An orc knight (D:14)
  26 harpies
  30 deep elf pyromancers
  A tengu skeleton (D:15)
  46 deep elf zephyrmancers
  19 ugly things
  15 fauns
  A frost giant zombie (D:15)
  11 orc sorcerers
  8 cyclopes
  16 manticores
  3 black mambas
  8 merfolk sirens
  3 elephants (Lair:4)
  A black mamba (shapeshifter) (D:14)
  7 water nymphs
  2 torpor snails
  24 cane toads
  5 rime drakes
  An unseen horror (Abyss:2)
  A spriggan zombie (D:15)
  6 komodo dragons
  2 kobold demonologists
  A freezing wraith (D:14)
  2 yaktaurs (D:13)
  A tengu conjurer (D:14)
  An ice devil (D:10)
  A queen bee (Lair:3)
  2 trolls
  2 polar bears
  4 wind drakes
  22 merfolk
  5 tyrant leeches (Lair:6)
  9 dream sheep
  6 snapping turtles
  27 blink frogs
  Sigmund (D:5)
  3 air elementals
  A culicivora (shapeshifter) (Elf:1)
  9 water elementals
  5 centaur simulacra
  4 wraiths
  6 wyverns
  6 fire elementals
  2 small abominations (Abyss:2)
  2 vampires
  An ettin skeleton (D:15)
  48 yaks
  2 hogs (D:14)
  7 basilisks
  2 steam dragons
  A chaos spawn (Abyss:2)
  9 vampire mosquitoes
  3 wargs
  12 water moccasins
  An acid dragon (D:10)
  5 hell hounds (Elf:1)
  4 ice beasts (D:10)
  21 orc warriors
  A black bear (D:8)
  A hornet zombie (D:8)
  A necrophage (D:7)
  A sky beast (D:7)
  7 wolves
  9 centaurs
  10 ogres
  A phantom (D:5)
  3 kobold brigands
  3 elf zombies (Ossuary)
  Blork the orc (D:4)
  15 bullfrogs
  An earth elemental (Elf:3)
  3 scorpions
  A water moccasin skeleton (D:6)
  36 killer bees
  6 howler monkeys
  A bullfrog zombie (D:6)
  3 electric eels
  8 starcursed masses (Abyss:2)
  A quasit (Abyss:2)
  4 centaur zombies
  11 orc priests
  9 jellies
  Crazy Yiuf (D:7)
  A gnoll shaman (D:8)
  6 human zombies (Ossuary)
  A hound (D:6)
  A bullfrog skeleton (D:7)
  4 iguanas
  An iron imp (D:10)
  34 orc wizards
  Natasha (D:2)
  A killer bee zombie (D:9)
  A hound skeleton (D:4)
  A howler monkey zombie (D:8)
  4 mummies
  Robin (D:2)
  4 adders
  8 gnolls
  A shadow imp (D:6)
  6 white imps
  2 ufetubi
  A worm (D:3)
  3 dart slugs
  96 orcs
  7 ball pythons
  18 endoplasms
  A giant cockroach (D:1)
  14 goblins
  13 hobgoblins
  4 jackals (D:5)
  2 quokkas
  4 bats
  2 frilled lizards
  8 kobolds
  4 rats
  3 tentacles (Shoals:1)
1058 creatures vanquished.

Vanquished Creatures (collateral kills)
  2 dancing weapons (Elf:2)
  3 deep elf zephyrmancers (Elf:2)
  3 wraiths (Lair:5)
8 creatures vanquished.

Vanquished Creatures (others)
  A deep elf pyromancer (Elf:2)
  A water elemental (Elf:1)
  A bush (Lair:6)
  40 fungi
  111 plants
  6 tentacles (Shoals:1)
  4 withered plants (D:15)
164 creatures vanquished.

Grand Total: 1230 creatures vanquished

Notes
Turn   | Place    | Note
-------+----------+-------------------------------------------
     0 | D:1      | bluesam3 the Minotaur Berserker began the quest for the
                  | Orb.
     0 | D:1      | Reached XP level 1. HP: 19/19 MP: 0/0
   420 | D:1      | Found a faded altar of an unknown god.
   510 | D:1      | Reached XP level 2. HP: 27/27 MP: 1/1
  1219 | D:2      | Noticed Natasha
  1223 | D:2      | Killed Natasha
  1224 | D:2      | Reached skill level 5 in Maces & Flails
  1224 | D:2      | Reached XP level 3. HP: 33/33 MP: 2/2
  1383 | D:2      | Noticed Robin
  1394 | D:2      | Killed Robin
  1395 | D:2      | Reached XP level 4. HP: 40/40 MP: 3/3
  1399 | D:2      | Reached ** piety under Trog
  2076 | D:3      | Found Kexyoq's Antique Armour Boutique.
  2373 | D:3      | Reached XP level 5. HP: 46/46 MP: 4/4
  2837 | D:4      | Noticed an ogre
  2857 | D:4      | Killed an ogre
  3065 | D:4      | Reached XP level 6. HP: 47/52 MP: 5/5
  3159 | D:4      | Noticed Blork the orc
  3169 | D:4      | Killed Blork the orc
  3170 | D:4      | Reached skill level 4 in Fighting
  3170 | D:4      | Reached skill level 1 in Shields
  3253 | D:4      | Found a staircase to the Ecumenical Temple.
  3721 | D:4      | Reached XP level 7. HP: 17/60 MP: 6/6
  4086 | D:5      | Entered Level 5 of the Dungeon
  4214 | D:5      | Found Purroh's Book Boutique.
  4250 | D:5      | Noticed Sigmund
  4255 | D:5      | Killed Sigmund
  4274 | D:5      | Reached skill level 5 in Fighting
  4662 | D:5      | Gained mutation: Your body sometimes deteriorates upon
                  | taking damage. [potion of mutation]
  4662 | D:5      | Gained mutation: You are strong-willed. (Will+) [potion of
                  | mutation]
  4662 | D:5      | Gained mutation: You have a pair of large horns on your
                  | head. [potion of mutation]
  4662 | D:5      | Gained mutation: You expend magic power (3 MP) to
                  | strengthen your wands. [potion of mutation]
  4707 | D:6      | Reached *** piety under Trog
  4729 | D:6      | Reached skill level 5 in Shields
  4729 | D:6      | Reached XP level 8. HP: 63/68 MP: 7/7
  4802 | D:6      | Reached skill level 10 in Maces & Flails
  4873 | D:6      | Reached skill level 6 in Fighting
  4884 | D:6      | Found a sand-covered staircase.
  4893 | Ossuary  | Entered an ossuary
  5305 | Ossuary  | Reached skill level 7 in Fighting
  5523 | D:6      | Identified the +2 chain mail of Xegott Fidgh {rF+}
  5725 | D:7      | Reached XP level 9. HP: 58/79 MP: 8/8
  5893 | D:7      | Identified the +0 chain mail "Uzob" {rF+ Will- rCorr SInv}
  6343 | D:7      | Reached skill level 8 in Fighting
  6493 | D:7      | Found Voywes's Antique Armour Emporium.
  6546 | D:7      | Found a runed translucent door.
  6547 | D:7      | Noticed Crazy Yiuf
  6835 | D:7      | Killed Crazy Yiuf
  6864 | D:8      | Found Poxenykh's Weapon Shoppe.
  6966 | D:8      | Reached **** piety under Trog
  7036 | D:8      | Found Coant's Jewellery Shoppe.
  7079 | D:8      | Found Micoru's Antique Weapon Shoppe.
  7284 | D:8      | Found a staircase to the Lair.
  7308 | D:8      | Reached skill level 9 in Fighting
  7417 | D:8      | Reached XP level 10. HP: 82/91 MP: 9/9
  7499 | D:8      | Found a runed translucent door.
  8444 | D:9      | Reached skill level 10 in Fighting
  8751 | D:9      | Reached skill level 5 in Armour
  9175 | D:10     | Entered Level 10 of the Dungeon
  9215 | D:10     | Found a runed translucent gate.
  9216 | D:10     | Found a runed translucent gate.
  9216 | D:10     | Found a runed translucent gate.
  9236 | D:10     | Noticed bmj180's ghost (journeyman DrCj)
  9253 | D:10     | Reached ***** piety under Trog
  9363 | D:10     | Reached skill level 10 in Shields
  9520 | D:10     | Noticed a centaur warrior
  9531 | D:10     | Killed a centaur warrior
  9705 | D:10     | Noticed a two-headed ogre
  9712 | D:10     | Killed a two-headed ogre
  9919 | D:10     | Reached XP level 11. HP: 83/101 MP: 10/10
  9945 | D:10     | Reached skill level 11 in Fighting
 10029 | D:10     | Found a snail-covered altar of Cheibriados.
 10550 | D:10     | Killed bmj180's ghost
 10736 | D:11     | Noticed a two-headed ogre
 10744 | D:11     | Killed a two-headed ogre
 10790 | D:11     | Noticed a two-headed ogre
 10796 | D:11     | Killed a two-headed ogre
 10842 | D:11     | Noticed Sonja
 10866 | D:11     | Killed Sonja
 11072 | D:11     | Found a stormy altar of Qazlal.
 11293 | D:11     | Noticed a skeletal warrior
 11293 | D:11     | Noticed a skeletal warrior
 11293 | D:11     | Noticed a skeletal warrior
 11306 | D:10     | Killed a skeletal warrior
 11307 | D:10     | Reached skill level 12 in Fighting
 11363 | D:10     | Killed a skeletal warrior
 11424 | D:11     | Killed a skeletal warrior
 11425 | D:11     | Noticed a skeletal warrior
 11732 | D:11     | Killed a skeletal warrior
 11772 | D:11     | Noticed a skeletal warrior
 11782 | D:11     | Killed a skeletal warrior
 11783 | D:11     | Reached XP level 12. HP: 113/113 MP: 11/11
 11819 | D:11     | Noticed a two-headed ogre
 11837 | D:10     | Killed a two-headed ogre
 11999 | D:11     | Found a staircase to the Orcish Mines.
 12221 | D:11     | Noticed a two-headed ogre
 12226 | D:11     | Killed a two-headed ogre
 12227 | D:11     | Reached skill level 13 in Fighting
 12533 | D:12     | Reached skill level 10 in Armour
 12659 | D:12     | Noticed Urug
 12672 | D:12     | Killed Urug
 13438 | D:13     | Noticed a yaktaur captain
 13448 | D:13     | Found a gate to the Vaults.
 13451 | D:13     | Killed a yaktaur captain
 13452 | D:13     | Reached skill level 14 in Fighting
 14752 | D:14     | Noticed a two-headed ogre
 14773 | D:14     | Noticed Snorg
 14846 | D:13     | Killed Snorg
 14891 | D:13     | Killed a two-headed ogre
 14896 | D:13     | Reached skill level 15 in Fighting
 15026 | D:13     | Reached XP level 13. HP: 126/126 MP: 12/12
 15450 | D:14     | Found an opulent altar of Gozag.
 15586 | D:14     | Noticed Kirke
 15598 | D:14     | Killed Kirke
 15602 | D:14     | Identified the +9 dagger of Ufecaw {drain, rN++ rCorr
                  | Str+2}
 16111 | D:14     | Reached skill level 16 in Fighting
 16398 | D:15     | Entered Level 15 of the Dungeon
 17702 | D:15     | Reached skill level 17 in Fighting
 17726 | D:15     | Reached skill level 15 in Armour
 18263 | D:15     | Found a staircase to the Depths.
 19073 | D:7      | Bought a pair of runed gloves for 217 gold pieces
 19214 | Temple   | Entered the Ecumenical Temple
 19549 | Orc:1    | Entered Level 1 of the Orcish Mines
 19657 | Orc:2    | Entered Level 2 of the Orcish Mines
 19849 | Orc:2    | Found a staircase to the Elven Halls.
 19875 | Orc:2    | Reached XP level 14. HP: 139/140 MP: 13/13
 20033 | Orc:2    | Found Ukhon's Weapon Shop.
 20634 | Orc:2    | Found Hupnan's Distillery.
 20698 | Orc:2    | Found Mosk's Antique Armour Shoppe.
 20907 | Orc:2    | Found a radiant altar of Vehumet.
 20987 | Orc:2    | Found an ancient bone altar of Kikubaaqudgha.
 21090 | Orc:2    | Found Qeom's Magic Scroll Shoppe.
 21128 | Orc:2    | Reached skill level 18 in Fighting
 21131 | Orc:2    | Found Menum's Jewellery Emporium.
 21187 | Orc:2    | Bought a scroll of enchant weapon for 97 gold pieces
 21187 | Orc:2    | Bought a scroll of enchant weapon for 97 gold pieces
 21753 | Orc:1    | Noticed p0werm0de's ghost (journeyman MiCK)
 21753 | Orc:1    | Found a runed translucent gate.
 21753 | Orc:1    | Found a runed translucent gate.
 21753 | Orc:1    | Found an iron altar of Okawaru.
 21753 | Orc:1    | Found a runed translucent gate.
 21778 | Orc:1    | Received a gift from Trog
 21996 | Orc:1    | Killed p0werm0de's ghost
 22345 | Orc:1    | Identified the +5 leather armour of Forking Paths {rElec
                  | Stlth+}
 22347 | Orc:1    | Identified the +2 hat "Xoesiny" {rF+}
 22517 | Lair:1   | Entered Level 1 of the Lair of Beasts
 24193 | Lair:2   | Found a runed translucent gate.
 24193 | Lair:2   | Found a runed translucent gate.
 24193 | Lair:2   | Found a runed translucent gate.
 24194 | Lair:2   | Found a viscous altar of Jiyva.
 24194 | Lair:2   | Noticed Siem's ghost (journeyman OpCj)
 24398 | Lair:2   | Killed Siem's ghost
 24406 | Lair:2   | Identified the +0 pair of boots of Ama Hoxt {*Corrode rElec
                  | rC- Dex+8}
 24788 | Lair:3   | Reached skill level 15 in Shields
 24842 | Lair:3   | You are sucked into a shaft and drop 3 floors!
 24842 | Lair:6   | Entered Level 6 of the Lair of Beasts
 24907 | Lair:6   | Reached XP level 15. HP: 54/150 MP: 14/14
 25358 | Lair:6   | Noticed Josephine
 25375 | Lair:6   | Killed Josephine
 25797 | Lair:5   | Reached skill level 19 in Fighting
 25802 | Lair:5   | Received a gift from Trog
 26469 | Lair:3   | Found a staircase to the Shoals.
 27405 | Lair:4   | Found a hole to the Spider Nest.
 27893 | Lair:5   | Found the +7 great mace "Firestarter" {inner flame, rF++}
 28036 | Lair:5   | Reached skill level 15 in Maces & Flails
 28089 | Lair:5   | Found a staircase to the Slime Pits.
 28090 | Lair:5   | Found a viscous altar of Jiyva.
 28727 | Lair:6   | Reached skill level 20 in Fighting
 28972 | Lair:6   | Identified the +8 long sword "Rystol" {pain, rPois}
 29365 | Shoals:1 | Entered Level 1 of the Shoals
 29667 | Shoals:1 | Noticed a kraken
 29692 | Shoals:1 | Killed a kraken
 30157 | Shoals:1 | Reached ****** piety under Trog
 30445 | Shoals:1 | Received a gift from Trog
 30449 | Shoals:1 | Reached XP level 16. HP: 165/165 MP: 15/15
 30962 | Shoals:2 | Noticed Polyphemus
 31253 | Shoals:2 | Found Uteash's Jewellery Shoppe.
 31259 | Shoals:2 | Bought the amulet "Oqudgh" {Faith -Cast +Blink rF+ Str+4}
                  | for 998 gold pieces
 31259 | Shoals:2 | Bought a ring of see invisible for 240 gold pieces
 31765 | Shoals:2 | Killed Polyphemus
 32540 | Shoals:3 | Noticed Ilsuiw
 32596 | Shoals:2 | Killed Ilsuiw
 32597 | Shoals:2 | Reached skill level 21 in Fighting
 33820 | Shoals:3 | Identified the +4 morningstar of Objectivity {flame, rC+}
                  | (Trog gifted it to you on level 3 of the Shoals)
 33820 | Shoals:3 | Received a gift from Trog
 34094 | Shoals:3 | Found a large runed translucent door.
 34094 | Shoals:3 | Found a large runed translucent door.
 34098 | Shoals:3 | Noticed p0werm0de's ghost (adept MiCK)
 34138 | Shoals:3 | Noticed Nikola
 34175 | Shoals:3 | Killed Nikola
 34980 | Shoals:4 | Entered Level 4 of the Shoals
 35098 | Shoals:4 | Received a gift from Trog
 35177 | Shoals:4 | Noticed a sphinx
 35191 | Shoals:4 | Killed a sphinx
 35210 | Shoals:4 | Reached XP level 17. HP: 117/176 MP: 16/16
 35378 | Shoals:4 | Reached skill level 22 in Fighting
 35873 | Shoals:4 | Received a gift from Trog
 36429 | Shoals:4 | Got a barnacled rune of Zot
 37371 | Orc:2    | Bought a ring of willpower for 350 gold pieces
 37476 | Elf:1    | Entered Level 1 of the Elven Halls
 37478 | Elf:1    | Noticed Azrael
 37585 | Elf:1    | Killed Azrael
 38090 | Elf:1    | Noticed Aizul
 38101 | Elf:1    | Killed Aizul
 38102 | Elf:1    | Noticed an Ice Fiend
 38116 | Elf:1    | Cast into level 2 of the Abyss (a deep elf demonologist)
 38270 | Abyss:2  | Received a gift from Trog
 38286 | Elf:1    | Escaped the Abyss
 38588 | Elf:1    | Noticed a Tzitzimitl
 38597 | Elf:1    | Noticed an Ice Fiend
 38603 | Elf:1    | Noticed an Ice Fiend
 38974 | Orc:2    | Upgraded the game from 0.28-a0-1312-g71652a0310 to
                  | 0.28-a0-1339-ga5422284a4
 40054 | Elf:1    | Noticed Roxanne
 40191 | Elf:1    | Killed Roxanne
 40827 | Elf:1    | Reached skill level 23 in Fighting
 40938 | Elf:2    | Received a gift from Trog
 41025 | Elf:2    | Paralysed by an air elemental for 1 turns
 41202 | Elf:2    | Found the +8 storm bow {elec, penet}
 41271 | Elf:2    | Found a huge runed translucent gate.
 41271 | Elf:2    | Found a huge runed translucent gate.
 41273 | Elf:2    | Found a huge runed translucent gate.
 41276 | Elf:2    | Found a huge runed translucent gate.
 41276 | Elf:2    | Found a huge runed translucent gate.
 41402 | Elf:2    | Found Lomuurphoff's Antique Weapon Shop.
 41487 | Elf:2    | Found Quass's Book Shop.
 41626 | Elf:2    | Found a runed translucent door.
 41904 | Elf:2    | Reached XP level 18. HP: 177/188 MP: 17/17
 42999 | Elf:2    | Received a gift from Trog
 43315 | Elf:2    | Noticed Louise
 43326 | Elf:2    | Killed Louise
 43506 | Elf:3    | Entered Level 3 of the Elven Halls
 44608 | Elf:3    | Reached skill level 24 in Fighting
 44804 | Elf:3    | Identified the ring of Wuituh {rCorr EV+4}
 45102 | Elf:3    | Identified the +10 morningstar of the Skies Above {vorpal,
                  | *Rage Fly rF- rN+++} (Trog gifted it to you on level 3 of
                  | the Elven Halls)
 45102 | Elf:3    | Received a gift from Trog
 45116 | Elf:3    | Paralysed by an air elemental for 1 turns
 45122 | Elf:3    | Paralysed by an air elemental for 1 turns
 45354 | Elf:3    | Noticed a Hell Sentinel
 45896 | Elf:3    | Identified the ring of Internal Strife {rF+ Will+ MP+9}
 46878 | Elf:3    | Received a gift from Trog
 46965 | Elf:3    | Identified a scroll of acquirement
 46968 | Elf:3    | Acquired 634 gold pieces
 47038 | Elf:3    | Identified the ring "Koem" {rPois Dex+6}
 47060 | Elf:3    | Identified the ring of Cowardice {rF+ Int+6}
 47074 | Elf:3    | HP: 9/192 [deep elf high priest/divine providence (15)]
 47076 | Elf:3    | Noticed an Ice Fiend
 47078 | Elf:3    | Gained mutation: You are weak. (Str -2) [a cacodemon]
 47079 | Elf:3    | HP: 2/192 [deep elf blademaster (11)]
 47079 | Elf:3    | Slain by an earth elemental

Illustrated notes

Levels and vault maps discovered:
D:1:      kilobyte_arrival_exit_the_forest, layout_basic,
          chequers_ecumenical_altar_twisty, minivault_14
D:2:      layout_basic, uniq_robin, uniq_natasha
D:3:      layout_basic, serial_shops, shop, serial_corexii_hall,
          chequers_hall_statues_y, chequers_hall_statues_corner_a
D:4:      layout_cave_pods, minmay_temple_entry_arrows, minmay_misc_feat_chi,
          uniq_blork_the_orc
D:5:      lemuel_ice_spiral_2, layout_basic, serial_shops, shop, uniq_sigmund
D:6:      layout_rooms, gup_ossuary_entry_pyramid
D:7:      layout_basic, serial_shops, nicolae_lakefront_shop,
          uniq_crazy_yiuf_cottage
D:8:      layout_gridville, lair_entry_dummy, serial_shops, shop_statue, shop,
          shop, lightli_church_of_beogh
D:9:      layout_irregular_city, hangedman_abyss_or_decor_clamps
D:10:     layout_loops_ring, slow_altar_2, gammafunk_ghost_icy
D:11:     layout_roguey, david_orc_3, kennysheep_flooded_box, uniq_sonja
D:12:     layout_grid_maze, uniq_urug
D:13:     layout_irregular_city, david_vaults_2
D:14:     layout_cave_pods, nicolae_gozag_cash_rules_everything_around_me,
          nicolae_underground_beach, uniq_snorg, uniq_kirke
D:15:     gammafunk_depths_entry_grave, layout_basic
Temple:   minmay_crystal_snake_temple
Lair:1:   layout_misc_corridors
Lair:2:   layout_loops_ring, gammafunk_ghost_ooze, serial_bayou_shore_b,
          infiniplex_staircase_pool, grunt_megastairs_1
Lair:3:   hellmonk_warped_wall, layout_layer_cave, minmay_shoals_entry_beasts,
          special_room [special_room_bee], chequers_serial_rivers_large_a,
          chequers_serial_rivers_small_b
Lair:4:   layout_small_grid, spider_nest_entry_web_field,
          cheibrodos_lair_caveside_slide, nicolae_quartered_pool_little,
          nicolae_lair_grazing_beasts [nicolae_sub_lair_graze_edge,
          nicolae_sub_lair_graze_edge, nicolae_sub_lair_graze_edge,
          nicolae_sub_lair_graze_edge], serial_bayou_shore_a
Lair:5:   lemuel_slime, layout_small_grid, slime_altar_1,
          portal_ice_cave_entry_pillars_1, nicolae_lair_grove_arrangements,
          lemuel_fruit_fields
Lair:6:   minmay_lair_end_frog_pond, layout_loops_ring, uniq_josephine
Shoals:1: layout_shoals
Shoals:2: layout_shoals, nicolae_shoals_c_island, uniq_polyphemus
Shoals:3: layout_shoals, ebering_ghost_disaster_area, uniq_ilsuiw, uniq_nikola
Shoals:4: shoals_end_hellmonk_lost_city
Orc:1:    layout_diamond_mine, gammafunk_ghost_fury_of_okawaru
Orc:2:    kennysheep_orc_mage_school, layout_caves, serial_shops,
          nicolae_shop_statue_plus, bh_open_orc_temple
Elf:1:    eino_elf_arrival_customs, layout_gridlike, hangedman_elf_represent,
          uniq_roxanne, uniq_aizul, uniq_azrael
Elf:2:    elven_hall_of_blades_hangedman_alternative [mumra_blade_entry_dagger],
          layout_loops_cross, serial_shops, shop_fountains,
          nicolae_lakefront_shop, minivault_13, uniq_louise
Elf:3:    minmay_elf_hall_quartered_circle, layout_geoelf_grid

Skill      XL: |  1  2  3  4  5  6  7  8  9 10 11 12 13 14 15 16 17 18 |
---------------+-------------------------------------------------------+-----
Maces & Flails | 5 6 7 8 9 10 12 13 14 15 16 17 19 | 19.3
Fighting       | 4 5 7 9 10 12 15 17 18 20 21 23 24 | 24.5
Shields        | 2 5 6 9 10 12 15 16 17 18 19 | 19.1
Armour         | 3 6 9 12 15 16 17 18 19 20 | 20.3
Dodging        | |  2.4

Action                   |  1- 3 |  4- 6 |  7- 9 | 10-12 | 13-15 | 16-18 || total
-------------------------+-------+-------+-------+-------+-------+-------++-------
Melee: Mace              |    58 |   107 |   337 |   358 |       |       ||   860
       Headbutt          |     3 |    16 |    74 |   120 |   323 |   315 ||   851
       Dire flail        |       |       |       |   139 |   437 |       ||   576
       Flail             |       |       |       |       |   375 |   125 ||   500
       Demon whip        |       |       |       |       |   390 |  1044 ||  1434
 Fire: Hunting sling     |       |       |       |       |       |    10 ||    10
Invok: Berserk           |     2 |     4 |     9 |    32 |    35 |    31 ||   113
       Trog's Hand       |       |       |     1 |     1 |       |     3 ||     5
       Brothers in Arms  |       |       |       |       |       |     1 ||     1
 Abil: Evoke Blink       |       |       |       |       |       |     1 ||     1
  Use: Scroll            |     4 |     2 |     6 |    17 |    10 |     5 ||    44
       Potion            |       |       |     1 |       |     2 |    17 ||    20
 Stab: Petrified         |       |       |       |       |       |     5 ||     5
Armor: Scale mail        |    27 |    11 |       |       |       |       ||    38
       Chain mail        |       |    38 |   132 |    51 |       |       ||   221
       Plate armour      |       |       |       |   200 |   541 |   566 ||  1307
Dodge: Dodged            |    29 |    36 |   118 |   185 |   370 |   274 ||  1012
Block: Kite shield       |       |    14 |   145 |   196 |   352 |   571 ||  1278

Table legend: (Time is in decaauts)
 A = Elapsed time spent in this place.
 B = Non-inter-level travel time spent in this place.
 C = Inter-level travel time spent in this place.
 D = Time resting spent in this place.
 E = Time spent auto-exploring this place.
 F = Levels seen in this place.
 G = Mean time per level.
                   A        B        C        D        E       F      G
               +--------+--------+--------+--------+--------+-----+--------+
         Total |  47168 |  43013 |   4155 |  15376 |  17846 |  33 | 1429.3 |
       Dungeon |  19637 |  17589 |   2048 |   4802 |   9685 |  15 | 1309.1 |
        Temple |    177 |    169 |      8 |      0 |    153 |   1 |  177.0 |
          Lair |   6826 |   6416 |    410 |   1540 |   3804 |   6 | 1137.7 |
        Shoals |   7492 |   6920 |    572 |   3057 |   2530 |   4 | 1873.0 |
  Orcish Mines |   3691 |   3163 |    528 |   1487 |    955 |   2 | 1845.5 |
   Elven Halls |   8736 |   8150 |    586 |   4428 |    488 |   3 | 2912.0 |
         Abyss |    169 |    169 |      0 |     60 |      0 |   1 |  169.0 |
       Ossuary |    437 |    437 |      0 |      0 |    231 |   1 |  437.0 |
               +--------+--------+--------+--------+--------+-----+--------+

Top non-repeatable levels by time:
   Elf:1: 3429 daAuts
   Elf:2: 3285 daAuts
    D:14: 2930 daAuts
   Orc:2: 2847 daAuts
    D:10: 2135 daAuts
Shoals:3: 2108 daAuts
   Elf:3: 2022 daAuts
Shoals:4: 1874 daAuts
Shoals:2: 1772 daAuts
Shoals:1: 1737 daAuts
    D:13: 1714 daAuts
  Lair:3: 1561 daAuts
     D:7: 1410 daAuts
     D:4: 1371 daAuts
     D:9: 1333 daAuts
